 Dungeon Crawl Stone Soup version 0.28-a0-1447-ga5a8893891 (webtiles) character file.

Game seed: 4888977045210135519

21 oldriver the Skirmisher (level 3, -12/30 HPs)
             Began as a Formicid Chaos Knight on Jan 11, 2022.
             Was a Plaything of Xom.
             Mangled by a harpy (shapeshifter) (24 damage)
             ... on level 2 of the Dungeon.
             The game lasted 00:00:35 (569 turns).

oldriver the Skirmisher (Formicid Chaos Knight)      Turns: 569, Time: 00:00:37

Health: -12/30     AC:  5    Str: 18    XL:     3   Next: 2%
Magic:  3/3        EV: 11    Int: 11    God:    Xom [..*...]
Gold:   25         SH:  0    Dex: 10    Spells: 2/2 levels left

rFire   . . .      SeeInvis +   a - +0 hand axe (chaos)
rCold   . . .      Faith    .   (no shield)
rNeg    . . .      Spirit   .   b - +2 leather armour
rPois   .          Reflect  .   (helmet unavailable)
rElec   .          Harm     .   (no cloak)
rCorr   .          Rampage  .   (no gloves)
Will    .....                   (no boots)
Stlth   +.........              (no amulet)
HPRegen 0.10/turn               (no ring)
MPRegen 0.08/turn               (no ring)

@: no status effects
A: permanent stasis, dig shafts and tunnels, antennae 3, four strong arms
a: Dig, Shaft Self, Renounce Religion


You were on level 2 of the Dungeon.
You worshipped Xom.
You were a toy of Xom.
You visited 1 branch of the dungeon, and saw 2 of its levels.

You collected 25 gold pieces.

Inventory:

Hand Weapons
 a - a +0 hand axe of chaos (weapon)
Armour
 b - a +2 leather armour (worn)
Potions
 c - a potion of berserk rage {unknown}


   Skills:
 + Level 3.7 Fighting
 + Level 3.3 Axes
 - Level 2.1 Armour
 + Level 1.5 Dodging


You had 2 spell levels left.
You didn't know any spells.
Your spell library was empty.

Dungeon Overview and Level Annotations

Branches:
Dungeon (1/15)

Altars:


Innate Abilities, Weirdness & Mutations

You cannot be hasted, slowed, berserked, paralysed or teleported.
You can dig through walls and to a lower floor.
You have a pair of large antennae on your head. (SInv)
Your four strong arms can wield two-handed weapons with a shield.


Message History

a +0 dagger; a goblin corpse
c - a sedimented ruby potion You sense a monster nearby.
A hobgoblin comes into view.
The hobgoblin shouts!
A hobgoblin is nearby!
The hobgoblin hits you.
You barely miss the hobgoblin.
The hobgoblin hits you but does no damage.
You hit the hobgoblin but do no damage.
The hobgoblin is poisoned.
The hobgoblin barely misses you.
You slash the hobgoblin!
You kill the hobgoblin!
You have reached level 3!
Your experience leads to an increase in your attributes!
Increase (S)trength, (I)ntelligence, or (D)exterity?
You feel stronger. x2
Found a robe.
You sense a monster nearby.
An endoplasm comes into view.
The endoplasm quivers.
An endoplasm is nearby!
An endoplasm is nearby!
The endoplasm freezes you.
You are frozen.
You hit the endoplasm.
The endoplasm changes into a shapeshifter!
Xom thinks this is hilarious!
The shapeshifter changes into a harpy!
You hit the harpy.
The harpy seems to grow stronger.
The harpy is lightly wounded.
The harpy claws you. The harpy barely misses you.
You slash the harpy!
The harpy seems to speed up.
The harpy is moderately wounded.
The harpy claws you!
Ouch! That really hurt!
The harpy barely misses you. The harpy claws you!!
Ouch! That really hurt!
You die...
Xom chuckles heartily!

########
#......##########
#.###..........[###
#.###..##.........
#.#.....#..####H#
#.#.#...#..#..@.#
#.#.#........#..#
#..........###.....
#####.#####...
...#.... #.....#
#.......####.#
#.#.#.# ######.## #
#.#.#.# ... #.#.#.#
..# #.....#


You could see a harpy shaped shifter (fast, strong).

Vanquished Creatures
  An adder (D:2)
  An endoplasm (D:2)
  A giant cockroach (D:2)
  2 goblins (D:2)
  A hobgoblin (D:2)
  3 ball pythons (D:2)
  A frilled lizard (D:2)
  2 rats
  3 toadstools (D:1)
15 creatures vanquished.

Notes
Turn   | Place    | Note
-------+----------+-------------------------------------------
     0 | D:1      | oldriver the Formicid Chaos Knight began the quest for the
                  | Orb.
     0 | D:1      | Reached XP level 1. HP: 18/18 MP: 1/1
    63 | D:1      | You fall into a shaft and drop 1 floor!
    91 | D:2      | Reached skill level 1 in Dodging
   214 | D:2      | Reached XP level 2. HP: 24/24 MP: 2/2
   519 | D:2      | Reached XP level 3. HP: 28/30 MP: 3/3
   567 | D:2      | Noticed a shapeshifter
   567 | D:2      | an endoplasm changed into a shapeshifter
   567 | D:2      | Noticed a harpy
   567 | D:2      | a shapeshifter changed into a harpy
   569 | D:2      | Mangled by a harpy (shapeshifter)

Illustrated notes

Levels and vault maps discovered:
D:1:      ldierk_water_garden, layout_loops_ring,
          dilly_ecumenical_altar_fadedgnrine
D:2:      layout_loops_cross, minmay_door_square

Skill      XL: |  1 |
---------------+----+-----
Dodging        | 1 |  1.5
Fighting       | |  3.7
Axes           | |  3.3
Armour         | |  2.1

Action                   || total
-------------------------++-------
Melee: Hand axe          ||    40
       Punch             ||     1
Armor: Leather armour    ||     6
Dodge: Dodged            ||    22

Table legend: (Time is in decaauts)
 A = Elapsed time spent in this place.
 B = Non-inter-level travel time spent in this place.
 C = Inter-level travel time spent in this place.
 D = Time resting spent in this place.
 E = Time spent auto-exploring this place.
 F = Levels seen in this place.
 G = Mean time per level.
                   A        B        C        D        E       F      G
               +--------+--------+--------+--------+--------+-----+--------+
         Total |    575 |    575 |      0 |      0 |    464 |   2 |  287.5 |
       Dungeon |    575 |    575 |      0 |      0 |    464 |   2 |  287.5 |
               +--------+--------+--------+--------+--------+-----+--------+

Top non-repeatable levels by time:
     D:2: 510 daAuts
     D:1: 64 daAuts
